 Dungeon Crawl Stone Soup version 0.19.0-11-g3fc08b3 (webtiles) character file.

220782 Charly the Black Belt (level 19, -1/119 HPs)
             Began as a Tengu Transmuter on Nov 8, 2016.
             Was a Believer of Zin.
             Slain by an ogre
             ... wielding a cursed +0 giant club
             ... led by an ironheart preserver
              (9 damage)
             ... on level 1 of the Vaults on Nov 9, 2016.
             The game lasted 03:54:30 (70571 turns).

Charly the Black Belt (Tengu Transmuter)           Turns: 70571, Time: 03:54:31

Health: -1/119     AC: 27    Str: 17    XL:     19   Next: 18%
Magic:  27/27      EV:  7    Int: 19    God:    Zin [**....]
Gold:   47         SH:  0    Dex: 23    Spells: 2 memorised, 20 levels left

rFire  . . .     SeeInvis +       - Unarmed
rCold  + . .     Gourm    .     R - +4 plate armour {rN+}
rNeg   + . .     Faith    +     (no shield)
rPois  ∞         Spirit   .     s - +1 hat {SInv}
rElec  .         Reflect  .     B - +1 cloak
rCorr  .         Harm     .     J - +2 pair of gloves {Dex+3}
MR     ++...                    (boots unavailable)
Stlth  ..........               v - amulet of faith
                                m - ring of protection from magic
                                c - ring of protection from cold

@: vitalised, about to teleport, flying quickly and evasively, held, slowed,
very slow
A: beak, talons 3, see invisible, able to fly 2
a: Stop Flying, Recite, Vitalisation, Donate Gold, Renounce Religion
}: 1/15 runes: serpentine


You were on level 1 of the Vaults.
You worshipped Zin.
Zin was pleased with you.
You were not hungry.

You visited 8 branches of the dungeon, and saw 33 of its levels.
You also visited: Labyrinth.

You collected 3269 gold pieces.
You spent 2735 gold pieces at shops.
You donated 487 gold pieces to Zin.

Inventory:

Hand Weapons
 a - the +8 storm bow {elec}
   (You bought it in a shop on level 6 of the Dungeon)

   It charges the ammunition it shoots with electricity; occasionally upon a
   hit, such missiles may discharge and cause terrible harm.
Missiles
 l - 861 arrows
 O - a throwing net (quivered)
Armour
 s - a +1 hat of see invisible (worn)
 B - a +1 cloak (worn)
 G - a +3 plate armour of fire resistance
 J - a +2 pair of gloves of dexterity (worn)
 R - a +4 plate armour of positive energy (worn)
Magical Staves
 e - an uncursed staff of air
Jewellery
 c - a ring of protection from cold (left hand)
 f - an uncursed ring of protection from fire
 i - an uncursed ring of see invisible
 m - a ring of protection from magic (right hand)
 q - a +3 ring of strength
 v - an amulet of faith (around neck)
 P - a +3 ring of dexterity
Wands
 j - a wand of lightning (4/15)
 n - a wand of heal wounds (1/9)
 y - a wand of lightning (3/15)
 L - a wand of digging (0/24)
 U - a wand of lightning (3/15)
Scrolls
 h - 7 scrolls of immolation
 k - 8 scrolls of remove curse
 u - a scroll of identify
 D - 3 scrolls of recharging
 F - 3 scrolls of magic mapping
 V - a scroll of silence
 W - a scroll of holy word
Potions
 p - 5 potions of cancellation
 r - 2 potions of ambrosia
 w - a potion of might
 x - 4 potions of brilliance
 z - a potion of cure mutation
 A - 10 potions of curing
 C - a potion of haste
 H - a potion of resistance
 N - 3 potions of magic
 Q - a potion of agility
Miscellaneous
 M - a fan of gales
 S - a phantom mirror
Comestibles
 d - 8 bread rations
 E - 3 meat rations


   Skills:
 - Level 13.3 Fighting
 * Level 16.3 Bows
 + Level 13.9 Armour
 - Level 8.3 Dodging
 - Level 20.0 Unarmed Combat
 - Level 2.0 Spellcasting
   Level 5.2 Transmutations
   Level 3.6 Poison Magic
 - Level 10.4 Invocations


You had 20 spell levels left.
You knew the following spells:

 Your Spells              Type           Power        Failure   Level  Hunger
c - Confusing Touch       Hex            #.....       100%        1    #......
B - Summon Butterflies    Summ           #.......     100%        1    #......


Dungeon Overview and Level Annotations

Branches:
Dungeon (15/15)            Temple (1/1) D:5            Lair (6/6) D:9
 Shoals (2/4) Lair:4        Snake (4/4) Lair:2        Slime (0/5) Lair:6
    Orc (2/2) D:9             Elf (2/3) Orc:2        Vaults (1/5) D:13
 Depths (0/5) D:15

Altars:
Ashenzari
Cheibriados
Dithmenos
Elyvilon
Fedhas
Gozag
Hepliaklqana
Kikubaaqudgha
Makhleb
Nemelex Xobeh
Okawaru
Qazlal
Ru
Sif Muna
Trog
Uskayaw
Vehumet
Xom
Yredelemnul
Zin
The Shining One
Beogh
Lugonu

Shops:
D:6 [?:(   D:15 !   Orc:2 *[(=   Elf:2 =   Shoals:1 %

Annotations:
D:3 exclusion: downstairs
D:6 1 runed door
D:10 Gastronok
D:13 exclusions: obsidian statue and orange crystal statue
Lair:5 exclusion: oklob plant
Lair:6 exclusion: upstairs
Shoals:2 Gravenous's ghost, adept HuEE
Snake:1 exclusion: downstairs
Elf:2 5 runed doors


Innate Abilities, Weirdness & Mutations

You have a beak for a mouth.
You have claws for feet.
You can fly continuously.
You have supernaturally acute eyesight. (SInv)


Message History

Unknown command.
Unknown command.
As you read the scroll of teleportation, it crumbles to dust.
You feel strangely unstable. The freezing wraith hits you!
* * * LOW HITPOINT WARNING * * *
The freezing wraith freezes you! You resist.
* * * LOW HITPOINT WARNING * * *
The freezing wraith hits you.
* * * LOW HITPOINT WARNING * * *
The freezing wraith drains your vigour!
You feel as though you will be slow longer.
The ogre mage hits you but does no damage.
The hill giant hits you with a giant club.
* * * LOW HITPOINT WARNING * * *
The ogre hits you with a giant club.
* * * LOW HITPOINT WARNING * * *
The two-headed ogre closely misses you.
The two-headed ogre hits you but does no damage.
The ogre closely misses you. The ogre hits you with a giant club!
You die...

#.. #..
#..##############
#..#............#
#..#..........(.#
+..#..≈.........#
.####..#...OO.......#
.......'(.(C@W..(...#
.......#..≈COO......#
.......#..O≈........#
..####.#............#
. #+#p(.........)#
#'############ .. ..


You could see 2 hill giants, an ogre mage (invisible), an ironbrand convoker, a
freezing wraith, a two-headed ogre and 3 ogres.

Vanquished Creatures
  Kirke (Snake:3)
  8 nagarajas
  A frost giant (D:15)
  Aizul (Snake:1)
  2 orc warlords
  Louise (Elf:2)
  An ironheart preserver (D:13)
  An ettin (D:9)
  A merfolk impaler (Shoals:1)
  A minotaur (Lab)
  A fire dragon (Lair:6)
  A yaktaur captain (Vaults:1)
  Erolcha (Orc:1)
  A deep elf death mage (Elf:2)
  6 hydras
  8 vault guards
  2 catoblepae
  19 naga warriors
  3 centaur warriors
  2 merfolk avatars (Shoals:2)
  11 anacondas
  The ghost of Vajrapani the Destroyer, a novice HuEE of Vehumet (D:9)
  An ogre mage (D:15)
  15 dancing weapons
  6 orc high priests
  Urug (D:9)
  A death yak (Lair:5)
  A tengu warrior (D:12)
  16 naga sharpshooters
  6 deep elf knights
  4 shock serpents
  5 salamander mystics
  12 skeletal warriors
  9 sea snakes
  3 unseen horrors
  4 deep elf archers
  8 naga ritualists
  A lindwurm (Lair:6)
  8 orc knights
  Pikel (D:6)
  3 hill giants
  4 harpies (Shoals:1)
  8 mana vipers
  3 orc sorcerers
  26 deep elf magi
  8 salamanders
  A wolf spider (Lair:6)
  An ugly thing (D:11)
  7 fauns (Shoals:1)
  4 cyclopes
  6 manticores
  6 elephants (Lair:6)
  10 guardian serpents
  31 black mambas
  14 naga magi
  A siren (Shoals:1)
  11 torpor snails
  5 centaur skeletons
  A gargoyle (D:14)
  11 spiny frogs
  A redback zombie (D:15)
  6 komodo dragons
  5 rime drakes
  5 kobold demonologists
  An efreet (D:13)
  A yaktaur (D:15)
  A tengu conjurer (D:13)
  11 trolls
  3 meliai
  2 merfolk
  5 polar bears
  A queen bee (D:10)
  4 tyrant leeches (Lair:6)
  10 hornets
  6 snapping turtles
  A harpy skeleton (D:15)
  3 two-headed ogres
  4 wind drakes
  14 hippogriffs
  4 slime creatures (D:14)
  14 blink frogs
  9 dream sheep
  A centaur simulacrum (D:14)
  A vampire (D:14)
  3 wyverns
  3 air elementals
  56 yaks
  6 shadows
  The ghost of TotoDurand the Skirmisher, an amateur DrFi of Ashenzari (D:4)
  5 hogs (Snake:4)
  2 wraiths
  2 water elementals
  4 basilisks
  A hungry ghost (D:9)
  A steam dragon (D:9)
  4 fire elementals (Elf:1)
  Menkaure (D:4)
  8 vampire mosquitoes
  A mottled dragon (D:12)
  60 nagas
  A soldier ant (D:13)
  9 water moccasins
  3 wargs (Orc:2)
  7 porcupines
  4 black bears
  3 ice beasts
  3 phantoms
  38 orc warriors
  3 slaves (D:5)
  A necrophage (D:10)
  A hornet zombie (D:14)
  9 sky beasts
  20 ogres
  15 crocodiles
  16 centaurs
  8 big kobolds
  26 bullfrogs
  A wyvern zombie (D:8)
  Blork the orc (D:6)
  A gnoll sergeant (D:9)
  2 earth elementals
  7 scorpions
  28 killer bees
  A spriggan skeleton (Lab)
  4 wights (D:9)
  7 howler monkeys
  A bullfrog zombie (D:7)
  6 crimson imps
  A centaur zombie (D:5)
  4 quasits
  4 jellies
  12 hounds
  20 orc priests
  A bullfrog skeleton (D:11)
  An iguana (D:6)
  21 orc wizards
  13 worker ants
  An ogre skeleton (Lab)
  2 hound skeletons
  A worker ant zombie (D:8)
  2 river rats (D:9)
  14 adders
  7 gnolls
  A howler monkey skeleton (D:11)
  5 shadow imps
  10 oozes
  An adder zombie (D:5)
  An adder skeleton (D:8)
  5 dart slugs
  A worm (D:4)
  7 leopard geckos
  73 orcs
  A ball python (D:4)
  19 bats
  5 giant cockroaches
  5 goblins
  6 hobgoblins
  15 jackals
  4 quokkas
  6 frilled lizards
  3 jackal skeletons
  37 kobolds
  A leopard gecko skeleton (D:4)
  A quokka skeleton (D:9)
  13 rats
  2 plants (Shoals:1)
1160 creatures vanquished.

Vanquished Creatures (collateral kills)
  A torpor snail (Lair:1)
  A polar bear (Lair:1)
  An orc warrior (D:9)
  A vampire (D:9)
  A bullfrog (D:9)
  An orc priest (D:9)
  2 orc wizards
  An adder (D:2)
  A worm (D:2)
  2 orcs
  A giant cockroach (D:2)
  A hobgoblin (D:3)
  3 rats
17 creatures vanquished.

Vanquished Creatures (others)
  A naga mage (Snake:2)
  A human (Snake:4)
  6 demonic plants (D:11)
  25 fungi
  29 plants
  4 tentacles (Shoals:2)
66 creatures vanquished.

Grand Total: 1243 creatures vanquished

Notes
Turn   | Place    | Note
-------+----------+-------------------------------------------
     0 | D:1      | Charly the Tengu Transmuter began the quest for the Orb.
     0 | D:1      | Reached XP level 1. HP: 12/12 MP: 4/4
   322 | D:1      | Reached XP level 2. HP: 11/16 MP: 4/6
   571 | D:1      | Learned a level 2 spell: Sticks to Snakes
   646 | D:1      | Reached skill level 4 in Unarmed Combat
  1056 | D:1      | Reached XP level 3. HP: 20/20 MP: 7/7
  1061 | D:1      | Learned a level 3 spell: Spider Form
  2074 | D:2      | You fall through a shaft for 2 floors!
  2089 | D:4      | Noticed an ice beast
  2164 | D:3      | Reached XP level 4. HP: 25/25 MP: 8/8
  2252 | D:3      | Found an opulent altar of Gozag.
  2346 | D:3      | Reached skill level 5 in Unarmed Combat
  2735 | D:2      | Gained mutation: You can fly. [Tengu growth]
  2735 | D:2      | Reached XP level 5. HP: 10/29 MP: 5/9
  3276 | D:3      | Found an iron altar of Okawaru.
  3623 | D:3      | Found a glowing golden altar of the Shining One.
  3825 | D:3      | Found a hazy altar of Hepliaklqana.
  4050 | D:4      | Noticed TotoDurand's ghost (amateur DrFi)
  4165 | D:4      | Noticed a sky beast
  4173 | D:4      | Killed a sky beast
  4173 | D:4      | Reached skill level 6 in Unarmed Combat
  4173 | D:4      | Reached skill level 1 in Poison Magic
  4173 | D:4      | Reached XP level 6. HP: 22/34 MP: 1/10
  4556 | D:4      | Killed an ice beast
  4602 | D:4      | Noticed Menkaure
  4603 | D:4      | Killed TotoDurand's ghost
  4603 | D:4      | Reached XP level 7. HP: 38/38 MP: 11/11
  4606 | D:4      | Killed Menkaure
  4606 | D:4      | Reached skill level 7 in Unarmed Combat
  4683 | D:4      | Learned a level 1 spell: Confusing Touch
  4720 | D:4      | Found a shattered altar of Ashenzari.
  4849 | D:5      | Entered Level 5 of the Dungeon
  5232 | D:4      | Reached XP level 8. HP: 32/43 MP: 9/12
  5781 | D:5      | Reached skill level 5 in Transmutations
  5786 | D:5      | Gained mutation: Your spells are a little easier to cast, but a little less powerful. [mutagenic meat]
  5787 | D:5      | Gained mutation: You have supernaturally acute eyesight. (SInv) [mutagenic meat]
  5788 | D:5      | Lost mutation: Your spells are a little easier to cast, but a little less powerful. [mutagenic meat]
  5828 | D:5      | Reached skill level 8 in Unarmed Combat
  6328 | D:5      | Found a staircase to the Ecumenical Temple.
  6374 | Temple   | Entered the Ecumenical Temple
  6487 | Temple   | Became a worshipper of Zin the Law-Giver
  6487 | Temple   | Reached * piety under Zin
  6508 | Temple   | Donated 161 gold pieces to Zin
  6520 | D:5      | Reached ** piety under Zin
  7096 | D:6      | Noticed Pikel
  8133 | D:6      | Noticed Blork the orc
  8351 | D:6      | Reached skill level 9 in Unarmed Combat
  8351 | D:6      | Reached XP level 9. HP: 26/49 MP: 13/13
  9200 | D:6      | Killed Blork the orc
  9272 | D:6      | Found Eraidui's Magic Scroll Shoppe.
  9277 | D:6      | Bought a scroll of teleportation for 33 gold pieces
  9277 | D:6      | Bought a scroll of identify for 22 gold pieces
  9277 | D:6      | Bought a scroll of identify for 22 gold pieces
  9557 | D:6      | Found Awoe's Armour Shoppe.
  9736 | D:6      | Found Wuxtuzymaz's Book Boutique.
  9827 | D:6      | Found Cethrauz's Antique Weapon Boutique.
  9950 | D:6      | Killed Pikel
  9950 | D:6      | Reached skill level 10 in Unarmed Combat
 10021 | D:6      | Found a shadowy altar of Dithmenos.
 10120 | D:6      | Found a runed door.
 10562 | D:7      | Reached *** piety under Zin
 10648 | D:7      | Found a sparkling altar of Nemelex Xobeh.
 10808 | D:7      | Identified Qeix Efu's Casting, Part One
 10812 | D:7      | Learned a level 1 spell: Summon Butterflies
 11019 | D:8      | Reached skill level 5 in Dodging
 11510 | D:8      | Reached XP level 10. HP: 58/58 MP: 14/14
 11803 | D:8      | Reached skill level 11 in Unarmed Combat
 11966 | D:9      | Reached **** piety under Zin
 12083 | D:9      | Reached skill level 5 in Fighting
 13118 | D:8      | Got a faintly humming ring mail
 13129 | D:8      | Identified the +4 ring mail of Proximity {+Fly rCorr Int+9 Slay-4} (You found it on level 8 of the Dungeon)
 13766 | D:9      | Noticed Vajrapani's ghost (novice HuEE)
 14170 | D:9      | Found a staircase to the Orcish Mines.
 14207 | D:9      | Reached skill level 1 in Armour
 14428 | D:9      | Reached skill level 12 in Unarmed Combat
 15294 | D:9      | Found a staircase to the Lair.
 15613 | D:9      | Got a fabulously ornate robe
 15624 | D:9      | Identified the +0 robe of Zohul {rF- Str+5} (You found it on level 9 of the Dungeon)
 16647 | D:9      | Reached XP level 11. HP: 53/66 MP: 15/15
 17281 | Orc:1    | Entered Level 1 of the Orcish Mines
 17290 | Orc:1    | Noticed an orc knight
 17311 | D:10     | Entered Level 10 of the Dungeon
 17876 | D:10     | Reached ***** piety under Zin
 18674 | D:10     | Noticed a hill giant
 18688 | D:10     | Killed a hill giant
 18759 | D:10     | Noticed a hill giant
 18781 | D:10     | Killed a hill giant
 18829 | D:10     | Reached skill level 13 in Unarmed Combat
 18965 | D:10     | Noticed Gastronok
 19069 | D:11     | Found a corrupted altar of Lugonu.
 19084 | D:11     | Noticed a skeletal warrior
 19309 | D:11     | Noticed an unseen horror
 19317 | D:11     | Killed an unseen horror
 19317 | D:11     | Reached skill level 1 in Invocations
 19479 | D:6      | Bought a +3 plate armour of fire resistance for 540 gold pieces
 19814 | D:11     | Noticed a sun demon
 19909 | D:11     | Noticed a green ugly thing
 19979 | Lair:1   | Entered Level 1 of the Lair of Beasts
 20592 | Lair:1   | Reached skill level 5 in Armour
 21278 | Lair:1   | Reached XP level 12. HP: 53/73 MP: 16/16
 21790 | Lair:2   | Reached skill level 14 in Unarmed Combat
 22229 | Lair:2   | Noticed a six-headed hydra
 23476 | Lair:2   | Found a staircase to the Snake Pit.
 24460 | Lair:1   | Found a snail-covered altar of Cheibriados.
 25716 | Lair:3   | Reached skill level 15 in Unarmed Combat
 26151 | Lair:3   | Reached XP level 13. HP: 60/80 MP: 17/17
 26568 | Lair:3   | Reached skill level 5 in Invocations
 27027 | Lair:4   | Found a staircase to the Shoals.
 28695 | Lair:6   | Entered Level 6 of the Lair of Beasts
 30077 | D:9      | Killed Vajrapani's ghost
 30308 | D:9      | Reached skill level 10 in Fighting
 30308 | D:9      | Reached skill level 16 in Unarmed Combat
 30471 | Orc:1    | Noticed Urug
 31625 | Orc:2    | Entered Level 2 of the Orcish Mines
 31625 | Orc:2    | Found Qaxt's General Store.
 31633 | Orc:1    | Noticed an orc warlord
 33746 | D:13     | Noticed a vault guard
 33746 | D:13     | Noticed a vault guard
 33753 | D:13     | Noticed a vault guard
 33925 | D:13     | Noticed a vault guard
 34356 | Lair:5   | Gained mutation: You can fly continuously. [Tengu growth]
 34356 | Lair:5   | Reached XP level 14. HP: 86/88 MP: 19/19
 35285 | Lair:6   | Found a staircase to the Slime Pits.
 35515 | Lair:6   | Reached skill level 17 in Unarmed Combat
 36367 | Lair:6   | Found a runed door.
 36765 | Lair:6   | Reached ****** piety under Zin
 38416 | D:9      | Killed Urug
 38812 | Orc:1    | Paralysed by an orc sorcerer for 6 turns
 39041 | D:12     | Reached skill level 10 in Armour
 39905 | D:13     | Reached XP level 15. HP: 75/95 MP: 19/21
 39982 | D:13     | Identified a scroll of acquirement
 40983 | D:13     | Reached skill level 18 in Unarmed Combat
 41446 | D:13     | Found a gate to the Vaults.
 41994 | D:14     | Found a white marble altar of Elyvilon.
 42544 | D:15     | Entered Level 15 of the Dungeon
 42570 | D:15     | Found Coanufro's Distillery.
 42575 | D:15     | Bought a potion of heal wounds for 85 gold pieces
 42668 | D:15     | Found a labyrinth entrance.
 42677 | Lab      | Entered a labyrinth
 42955 | Lab      | Got a pitted hunting sling
 42966 | Lab      | Identified the +11 hunting sling of Experimentation {freeze, rPois rC+ Dex-3} (You found it in a labyrinth)
 43692 | D:15     | Noticed a frost giant
 43945 | D:15     | Found a bloodstained altar of Trog.
 44154 | D:15     | Killed a frost giant
 44361 | D:15     | Found a staircase to the Depths.
 46116 | Orc:2    | Noticed an orc warlord
 46296 | Orc:1    | Killed an orc warlord
 46296 | Orc:1    | Reached XP level 16. HP: 73/103 MP: 21/23
 46636 | Orc:2    | Found Pasid's Antique Armour Emporium.
 46645 | Orc:2    | Bought a heavily runed chain mail for 266 gold pieces
 46655 | Orc:2    | Identified the +4 chain mail of Trumpets {*Corrode Str+3 Stlth+} (You bought it in a shop on level 2 of the Orcish Mines)
 46734 | Orc:2    | Reached skill level 19 in Unarmed Combat
 47694 | Orc:2    | Found Ahiben's Antique Weapon Boutique.
 47733 | Orc:2    | Found a staircase to the Elven Halls.
 47820 | Orc:1    | Noticed Erolcha
 48245 | Orc:2    | Found Seufom's Jewellery Boutique.
 48409 | Orc:1    | Killed Erolcha
 48439 | Orc:1    | Found a roughly hewn altar of Beogh.
 48581 | Elf:1    | Entered Level 1 of the Elven Halls
 49821 | Shoals:1 | Entered Level 1 of the Shoals
 50941 | Shoals:1 | Found Qauraschu's Food Emporium.
 51065 | Shoals:1 | Reached skill level 10 in Invocations
 51579 | Shoals:2 | Noticed Gravenous's ghost (adept HuEE)
 52511 | Snake:1  | Entered Level 1 of the Snake Pit
 53195 | Snake:1  | Reached skill level 20 in Unarmed Combat
 53195 | Snake:1  | Reached XP level 17. HP: 96/109 MP: 25/25
 53305 | Snake:1  | Noticed Aizul
 53341 | Snake:1  | Killed Aizul
 53857 | D:6      | Bought the +8 storm bow {elec} for 1396 gold pieces
 54074 | Shoals:2 | Reached skill level 1 in Bows
 54544 | Shoals:2 | Noticed a kraken
 55625 | Snake:1  | Reached skill level 5 in Bows
 56987 | Snake:2  | Got a twitching iron ring
 56989 | Snake:2  | Identified the ring "Vajuf" {*Tele rPois rC+ Str+2} (You found it on level 2 of the Snake Pit)
 58983 | Snake:4  | Entered Level 4 of the Snake Pit
 59207 | Snake:4  | Noticed Kirke
 59259 | Snake:3  | Killed Kirke
 59259 | Snake:3  | Reached skill level 10 in Bows
 61616 | Snake:4  | Reached XP level 18. HP: 114/114 MP: 26/26
 63844 | Elf:2    | Noticed Louise
 63906 | Elf:2    | Killed Louise
 64063 | Elf:2    | Found Plog's Jewellery Boutique.
 65016 | Elf:2    | Found a huge runed gate.
 65016 | Elf:2    | Found a huge runed gate.
 65016 | Elf:2    | Found a huge runed gate.
 65016 | Elf:2    | Found a huge runed gate.
 65016 | Elf:2    | Found a huge runed gate.
 65548 | Shoals:1 | Bought a meat ration for 70 gold pieces
 65548 | Shoals:1 | Bought a meat ration for 70 gold pieces
 65548 | Shoals:1 | Bought a meat ration for 70 gold pieces
 65548 | Shoals:1 | Bought a bread ration for 70 gold pieces
 65548 | Shoals:1 | Bought a meat ration for 70 gold pieces
 65548 | Shoals:1 | Bought a beef jerky for 21 gold pieces
 67053 | Snake:4  | Reached skill level 15 in Bows
 69205 | Snake:4  | Reached XP level 19. HP: 112/119 MP: 27/27
 69921 | Snake:4  | Got a serpentine rune of Zot
 70265 | Vaults:1 | Entered Level 1 of the Vaults
 70571 | Vaults:1 | Slain by an ogre

Skill      XL: |  1  2  3  4  5  6  7  8  9 10 11 12 13 14 15 16 17 18 19 |
---------------+----------------------------------------------------------+-----
Unarmed Combat | 4 5 6 7 9 10 12 13 15 16 17 18 20 | 20.0
Transmutations | 2 3 4 5 |  5.2
Poison Magic   | 1 2 3 |  3.6
Fighting       | 2 4 6 7 9 10 11 12 13 | 13.3
Dodging        | 3 5 7 8 |  8.3
Armour         | 2 5 6 8 10 11 12 13 | 13.9
Invocations    | 2 4 6 7 9 10 | 10.4
Bows           | 12 15 16 | 16.3
Spellcasting   | |  2.0

Action                   |  1- 3 |  4- 6 |  7- 9 | 10-12 | 13-15 | 16-18 | 19-21 || total
-------------------------+-------+-------+-------+-------+-------+-------+-------++-------
Melee: Unarmed           |   106 |   110 |   381 |  1001 |  1657 |  1360 |    37 ||  4652
       Kick              |    28 |    21 |   102 |   322 |   684 |   596 |    16 ||  1769
       Peck              |    14 |    12 |    55 |   205 |   444 |   437 |    11 ||  1178
       Headbutt          |     6 |       |       |       |       |       |       ||     6
       Punch             |     3 |     4 |    20 |    46 |   121 |   123 |     2 ||   319
 Fire: Hunting sling     |       |       |       |       |    63 |    15 |       ||    78
       Longbow           |       |       |       |       |       |   689 |   102 ||   791
Throw: Tomahawk          |       |       |       |    24 |       |       |       ||    24
       Throwing net      |       |       |       |     4 |     4 |     2 |       ||    10
       Javelin           |       |       |       |       |     2 |       |       ||     2
 Cast: Beastly Appendage |    12 |       |       |       |       |       |       ||    12
       Sticks to Snakes  |     3 |    11 |     9 |    11 |       |       |       ||    34
       Spider Form       |       |     8 |    12 |       |       |       |       ||    20
       Confusing Touch   |       |       |     6 |     6 |       |       |       ||    12
Invok: Donate Gold       |       |       |     1 |       |       |       |       ||     1
       Vitalisation      |       |       |       |    22 |    68 |    70 |     3 ||   163
       Recite            |       |       |       |       |     6 |    12 |       ||    18
       Sanctuary         |       |       |       |       |       |     3 |       ||     3
       Imprison          |       |       |       |       |       |     5 |       ||     5
 Abil: End Transformatio |       |       |     2 |       |       |       |       ||     2
       Fly               |       |       |     3 |    17 |    11 |     2 |       ||    33
       Stop Flying       |       |       |       |       |       |     2 |       ||     2
Evoke: Wand              |       |     5 |    17 |    21 |    23 |    41 |     1 ||   108
       Fan of gales      |       |       |       |       |     1 |     1 |       ||     2
       Rod               |       |       |       |       |    10 |       |       ||    10
  Use: Scroll            |       |    12 |    12 |    13 |    20 |    26 |     3 ||    86
       Potion            |       |     2 |       |     4 |     4 |     9 |       ||    19
 Stab: Sleeping          |     1 |     3 |     1 |       |       |       |       ||     5
       Distracted        |       |     2 |     1 |     1 |       |       |       ||     4
       Confused          |       |       |     4 |     3 |       |     5 |       ||    12
       Held in net/web   |       |       |       |     1 |     1 |       |       ||     2
       Petrified         |       |       |       |       |     4 |       |       ||     4
       Invisible         |       |       |       |       |     7 |     9 |       ||    16
       Paralysed         |       |       |       |       |     3 |     7 |       ||    10
  Eat: Chunk             |     4 |    10 |    10 |    13 |    24 |    14 |       ||    75
       Fruit             |       |       |     4 |       |    16 |       |       ||    20
       Pizza             |       |       |     3 |       |       |       |     1 ||     4
       Beef jerky        |       |       |     3 |       |     3 |     1 |       ||     7
       Meat ration       |       |       |     1 |     6 |     3 |     5 |     1 ||    16
       Royal jelly       |       |       |       |     5 |     2 |     2 |       ||     9
       Bread ration      |       |       |       |       |     1 |     6 |       ||     7
Armor: Robe              |    16 |    13 |    30 |     9 |       |       |       ||    68
       Skin              |       |    12 |     2 |       |       |       |       ||    14
       Scale mail        |       |       |       |    79 |       |       |       ||    79
       Plate armour      |       |       |       |   228 |   728 |   719 |    46 ||  1721
       Troll leather arm |       |       |       |    23 |       |       |       ||    23
       Chain mail        |       |       |       |    10 |       |       |       ||    10
Dodge: Dodged            |    44 |    70 |   236 |   555 |   599 |   729 |    45 ||  2278
